 Dungeon Crawl Stone Soup version 0.28.0-53-g5a82cb258f (webtiles) character file.

Game seed: 9929184337213579976

4703 Bruhh the Basher (level 10, -1/110 HPs)
             Began as an Ogre Gladiator on May 24, 2022.
             Was an Elder of Okawaru.
             Succumbed to a meliai's poison
             ... on level 9 of the Dungeon.
             The game lasted 00:12:05 (11840 turns).

Bruhh the Basher (Ogre Gladiator)                  Turns: 11840, Time: 00:12:05

Health: -1/110     AC:  5    Str: 22    XL:     10   Next: 45%
Magic:  0/10       EV: 11    Int:  9    God:    Okawaru [****..]
Gold:   509        SH:  0    Dex: 10    Spells: 9/9 levels left

rFire   . . .      SeeInvis +   u - +0 giant club
rCold   . . .      Faith    .   (shield currently unavailable)
rNeg    . . .      Spirit   +   p - +0 troll leather armour
rPois   .          Reflect  .   c - +0 hat
rElec   .          Harm     .   (no cloak)
rCorr   .          Rampage  .   (gloves unavailable)
Will    +....                   (boots unavailable)
Stlth   ++........              g - amulet of guardian spirit
HPRegen 1.08/turn               q - ring of see invisible
MPRegen 0.12/turn               (no ring)

@: lethally poisoned (-1 -> -14), heroic, hasted, invisible, very quick
A: large, unfitting armour, tough skin 1, hooves 1, weak 1
a: Renounce Religion, Heroism, Finesse


You were on level 9 of the Dungeon.
You worshipped Okawaru.
Okawaru was greatly pleased with you.
You visited 2 branches of the dungeon, and saw 10 of its levels.
You also visited: Sewer.

You collected 509 gold pieces.

Inventory:

Hand Weapons
 a - a +0 flail
 h - a +1 flail of holy wrath
 m - a +1 arbalest of flaming
 s - a +0 giant spiked club
 u - a +0 giant club (weapon)
Missiles
 d - 3 throwing nets (quivered)
 n - 45 bolts
Armour
 b - a +0 robe
 c - a +0 hat (worn)
 p - a +0 troll leather armour (worn)
Jewellery
 g - an amulet of guardian spirit (around neck)
 i - a ring of wizardry
 q - a ring of see invisible (left hand)
Wands
 o - a wand of paralysis (5)
Scrolls
 e - 4 scrolls of enchant armour
 f - a scroll of noise
 j - a scroll of silence
 k - 2 scrolls of teleportation
 r - a scroll of blinking
 t - a scroll of magic mapping
Potions
 l - 2 potions of brilliance


   Skills:
 - Level 10.0(15.0) Fighting
 + Level 12.3(17.3) Maces & Flails
 - Level 2.0(7.0) Throwing
 - Level 2.6(7.6) Dodging


You had 9 spell levels left.
You didn't know any spells.
Your spell library contained the following spells:

 Spells                   Type           Power      Damage    Failure   Level
 Scorch                   Fire           0%         2d5       56%         2
 Flame Wave               Conj/Fire      0%         2d4       99%         4
 Summon Cactus Giant      Summ           Unusable   N/A       N/A         6

Dungeon Overview and Level Annotations

Branches:
Dungeon (10/15)            Temple (1/1) D:5           Sewer (visited)
   Lair: D:8-11         Orc: D:9-12

Altars:
Ashenzari
Cheibriados
Dithmenos
Elyvilon
Fedhas
Gozag
Hepliaklqana
Kikubaaqudgha
Makhleb
Nemelex Xobeh
Okawaru
Qazlal
Ru
Trog
Uskayaw
Vehumet
Wu Jian
Xom
Yredelemnul
Zin
The Shining One

Shops:
D:1 *   D:6 :   D:9 =

Annotations:
D:7 Prince Ribbit


Innate Abilities, Weirdness & Mutations

You are too large for most types of armour.
You have tough skin. (AC +1)
You have large cloven feet.
You are weak. (Str -2)


Message History

The meliai poisons you!
You closely miss the meliai. Your kick misses the meliai.
The meliai is heavily wounded.
You feel very sick. The meliai hits you with a +0 hand axe!
The meliai barely misses you.
You barely miss the meliai.
The meliai is heavily wounded.
You feel very sick. The meliai barely misses you. The meliai stings you!
You bludgeon the meliai!!
You kill the meliai!
Okawaru is honoured by your kill.
You feel sick.
You closely miss the meliai.
You feel sick. The meliai closely misses you. The meliai stings you.
You bludgeon the meliai!! Your kick misses the meliai.
The meliai is almost dead.
You feel sick.
The meliai mumbles some strange prayers to its god against you.
Something smites you!
* * * LOW HITPOINT WARNING * * *
The meliai mumbles some strange prayers to its god against you.
Something smites you!
* * * LOW HITPOINT WARNING * * *
Okay, then.
You fade into invisibility!
You feel sick. The meliai barely misses you. The meliai stings you!
* * * LOW HITPOINT WARNING * * *
You are more poisoned.
The meliai poisons you!
Unknown command.
You miss the meliai. You kick the meliai, but do no damage.
The meliai is almost dead.
* * * LOW HITPOINT WARNING * * *
You feel very sick. The meliai misses you. The meliai closely misses you.
You hit the meliai but do no damage. You kick the meliai.
You kill the meliai!
Okawaru accepts your kill.
You die...

##......#...≈≈≈≈..
#......+.........
#......#.#.....[.
#...##'#.#.......
#...#....#.....##
#...#....#......
#...#....#
#...#....########..#
#...#.......@)y....#
##..################
#...


You could see a meliai.

Vanquished Creatures
  A boulder beetle (D:9)
  An unseen horror (D:6)
  2 meliai (D:9)
  A troll (D:10)
  A shadow (D:9)
  Edmund (D:4)
  Duvessa (D:6)
  4 sky beasts
  3 ice beasts
  A black bear (D:7)
  Pargi (Sewer)
  3 necrophages
  2 ogres (D:6)
  A phantom (D:3)
  4 bullfrogs
  A wyvern zombie (D:7)
  A gnoll sergeant (D:9)
  2 scorpions (D:6)
  A water moccasin zombie (D:6)
  A water moccasin skeleton (D:5)
  Dowan (D:6)
  A wight (D:6)
  2 howler monkeys (D:6)
  3 bullfrog zombies (D:6)
  A centaur zombie (D:7)
  5 hounds
  A centaur skeleton (D:5)
  2 jellies
  2 bullfrog skeletons (D:5)
  4 iguanas
  4 orc wizards
  A howler monkey zombie (D:9)
  14 gnolls
  5 adders
  2 white imps
  2 adder skeletons (D:4)
  2 worms (D:3)
  2 dart slugs
  17 orcs
  10 endoplasms
  5 giant cockroaches
  7 goblins
  9 hobgoblins
  5 jackals
  3 quokkas
  4 ball pythons
  6 bats
  A frilled lizard (D:3)
  6 kobolds
  6 rats
166 creatures vanquished.

Notes
Turn   | Place    | Note
-------+----------+-------------------------------------------
     0 | D:1      | Bruhh the Ogre Gladiator began the quest for the Orb.
     0 | D:1      | Reached XP level 1. HP: 22/22 MP: 1/1
   306 | D:1      | Reached XP level 2. HP: 23/31 MP: 2/2
   392 | D:1      | Reached skill level 3 in Maces & Flails
   979 | D:1      | Reached XP level 3. HP: 36/39 MP: 3/3
   979 | D:1      | Found a faded altar of an unknown god.
  1056 | D:1      | Found Zampezin's Assorted Antiques.
  1359 | D:2      | Reached XP level 4. HP: 3/49 MP: 4/4
  1360 | D:2      | HP: 1/49 [gnoll/+0 whip (2)]
  2849 | D:3      | Reached skill level 4 in Maces & Flails
  2965 | D:3      | Reached skill level 5 in Fighting
  3028 | D:3      | Reached XP level 5. HP: 57/57 MP: 5/5
  3246 | D:3      | Noticed a phantom
  3286 | D:3      | Killed a phantom
  3554 | D:3      | Noticed a sky beast
  3691 | D:3      | Reached XP level 6. HP: 46/67 MP: 6/6
  3815 | D:3      | HP: 3/67 [something (5)]
  3816 | D:3      | Killed a sky beast
  4514 | D:4      | Reached skill level 5 in Maces & Flails
  5638 | D:5      | Entered Level 5 of the Dungeon
  5638 | D:5      | Noticed Edmund
  5697 | D:5      | Reached XP level 7. HP: 65/78 MP: 5/7
  6232 | D:5      | Found a staircase to the Ecumenical Temple.
  6242 | Temple   | Entered the Ecumenical Temple
  6386 | Temple   | Became a worshipper of Warmaster Okawaru
  6766 | D:4      | Killed Edmund
  6767 | D:4      | Reached skill level 6 in Maces & Flails
  6881 | D:5      | Reached XP level 8. HP: 34/89 MP: 2/8
  7354 | D:6      | Found a glowing drain.
  7383 | Sewer    | Entered a sewer
  7426 | Sewer    | Noticed Pargi
  7437 | Sewer    | Killed Pargi
  7532 | D:6      | Noticed Duvessa
  7533 | D:6      | Noticed Dowan
  7537 | D:6      | Found Cusyxero's Book Boutique.
  7575 | D:6      | Reached * piety under Okawaru
  7576 | D:6      | Reached skill level 7 in Maces & Flails
  7691 | D:6      | Reached skill level 10 in Fighting
  7912 | D:6      | Reached skill level 8 in Maces & Flails
  8268 | D:6      | Reached XP level 9. HP: 96/101 MP: 9/9
  8312 | D:5      | Gained mutation: You have large cloven feet. [potion of
                  | mutation]
  8312 | D:5      | Gained mutation: You are weak. (Str -2) [potion of
                  | mutation]
  8743 | D:6      | Reached ** piety under Okawaru
  9107 | D:7      | Reached skill level 9 in Maces & Flails
  9310 | D:7      | Noticed Prince Ribbit
  9872 | D:6      | Killed Duvessa
  9884 | D:6      | Killed Dowan
 10380 | D:6      | Noticed an unseen horror
 10392 | D:6      | Killed an unseen horror
 10393 | D:6      | Reached skill level 10 in Maces & Flails
 10822 | D:6      | Reached *** piety under Okawaru
 11444 | D:7      | You fall into a shaft and drop 3 floors!
 11444 | D:10     | Entered Level 10 of the Dungeon
 11446 | D:10     | Noticed a troll
 11452 | D:10     | Killed a troll
 11453 | D:10     | Reached skill level 11 in Maces & Flails
 11453 | D:10     | Reached XP level 10. HP: 86/110 MP: 7/10
 11722 | D:9      | Noticed a boulder beetle
 11735 | D:9      | Killed a boulder beetle
 11735 | D:9      | Reached **** piety under Okawaru
 11736 | D:9      | Reached skill level 12 in Maces & Flails
 11768 | D:9      | Found Ykhlogia's Jewellery Emporium.
 11838 | D:9      | HP: 3/110 [meliai/+0 war axe (8)]
 11839 | D:9      | HP: 1/110 [poisoned by a meliai]
 11840 | D:9      | Succumbed to a meliai's poison

Illustrated notes

Levels and vault maps discovered:
D:1:      dpeg_arrival_shelter, layout_basic,
          shapermc_ecumenical_altar_mp_ritualfount, serial_shops,
          nicolae_shop_window_shopping
D:2:      layout_loops_ring
D:3:      minmay_bubble_buster, layout_loops_ring, dk_noncrumbling_4
D:4:      layout_loops_corners
D:5:      layout_rooms, minmay_temple_entry_statues_pillars,
          kennysheep_generic_room_8, uniq_edmund
D:6:      layout_cave_pools, serial_rivers, chequers_serial_rivers_large_b,
          chequers_serial_rivers_marsh, chequers_serial_rivers_micro_a,
          chequers_serial_rivers_room_b, chequers_serial_rivers_micro_e,
          chequers_serial_rivers_room_b, cheibrodos_sewer_entry_drain,
          nicolae_stop_n_shop_2, nzn_random_ring, uniq_duvessa
D:7:      layout_gridville, hangedman_decor_peaks_small, grunt_tough_drop,
          uniq_prince_ribbit1, uniq_maggie
D:9:      lemuel_ice_spiral_2, layout_irregular_city, orc_0_dummy, serial_shops,
          shop, amethyst_killhole, serial_park_tiny_pond, nzn_sisyphean_effort
D:10:     layout_basic, lemuel_blue_sif_altar, grunt_lair_entry_orc_guard_hut,
          hellmonk_ghost_big_iron, minivault_5, minmay_radiant
Temple:   kilobyte_greek_temple

Skill      XL: |  1  2  3  4  5  6  7  8  9 10 |
---------------+-------------------------------+-----
Fighting       | 3 4 5 6 7 8 10 | 10.0
Maces & Flails | 3 4 5 6 8 11 12 | 12.3
Throwing       | |  2.0
Dodging        | |  2.6

Action                   |  1- 3 |  4- 6 |  7- 9 | 10-12 || total
-------------------------+-------+-------+-------+-------++-------
Melee: Flail             |    76 |   207 |   243 |       ||   526
       Punch             |     1 |     4 |     3 |       ||     8
       Giant spiked club |       |       |    42 |       ||    42
       Kick              |       |       |    33 |    14 ||    47
       Giant club        |       |       |    21 |    48 ||    69
Throw: Throwing net      |       |       |     1 |       ||     1
Invok: Heroism           |       |       |     1 |     1 ||     2
Evoke: Wand              |       |       |     4 |     1 ||     5
  Use: Potion            |     1 |     1 |    13 |     2 ||    17
       Scroll            |       |     3 |     1 |     2 ||     6
 Stab: Sleeping          |     1 |     1 |       |       ||     2
       Paralysed         |       |       |     2 |     6 ||     8
Armor: Robe              |    28 |    48 |    65 |       ||   141
       Troll leather arm |       |       |       |     5 ||     5
Dodge: Dodged            |    50 |   114 |   187 |    30 ||   381
